 Dungeon Sprint DCSS version 0.19-a0-1379-gd925bfa (webtiles) character file.

430 Adamkad1 the Fighter (level 6, -2/71 HPs)
             Began as a Hill Orc Fighter on Sept 3, 2016.
             Was a Priest of Uskayaw.
             Killed from afar by an efreet (22 damage)
             ... with a bolt of fire
             ... in the Dungeon (Sprint V: "Ziggurat Sprint").
             The game lasted 00:03:35 (322 turns).

Adamkad1 the Fighter (Hill Orc Fighter)              Turns: 322, Time: 00:03:35

Health: -2/71      AC: 29    Str: 21    XL:     6   Next: 99%
Magic:  6/6        EV:  6    Int:  8    God:    Uskayaw [***...]
Gold:   0          SH:  0    Dex: 10    Spells: 0 memorised, 5 levels left

rFire  . . .     SeeInvis .     c - +5 executioner's axe
rCold  . . .     Gourm    .     l - +15 Maxwell's patent armour {-Cast -Tele rElec MR+ rCorr}
rNeg   . . .     Faith    .     (shield currently unavailable)
rPois  .         Spirit   .     (no helmet)
rElec  +         Dismiss  .     (no cloak)
rCorr  +         Reflect  .     (no gloves)
MR     +....     Harm     .     (no boots)
Stlth  .......... NoTele   +    (no amulet) NoCast +
                                (no ring)
                                (no ring)

@: no status effects
A: no striking features
a: Stomp, Line Pass, Renounce Religion


You were in the Dungeon.
You worshipped Uskayaw.
Uskayaw was noncommittal.
You were not hungry.

You visited 1 branch

Inventory:

Hand Weapons
 c - a +5 executioner's axe (weapon)
Armour
 a - a +5 crystal plate armour
 b - a +0 scale mail
 l - the +15 Maxwell's patent armour (worn) {-Cast -Tele rElec MR+ rCorr}
   (You found it in the Dungeon)

   It insulates you from electricity.
   It affects your resistance to hostile enchantments.
   It prevents spellcasting.
   It prevents most forms of teleportation.
   It protects you from acid and corrosion.
Wands
 y - a wand of disintegration (7/24)
 D - a wand of iceblast (5/15)
 E - a wand of lightning (5/15)
 F - a wand of acid (5/15)
Scrolls
 k - 4 scrolls of blinking
 q - 4 scrolls of amnesia
 r - 3 scrolls of recharging
 s - 7 scrolls of fog
 t - a scroll of holy word
 u - 5 scrolls of identify
 v - 5 scrolls of remove curse
 w - 2 scrolls of fear
Potions
 d - 6 potions of might
 e - 10 potions of curing
 g - 10 potions of heal wounds
 h - 6 potions of haste
 i - 7 potions of magic
 j - 3 potions of berserk rage
 x - 2 potions of brilliance
 z - 2 potions of invisibility
 A - 4 potions of resistance
 B - a potion of experience
 C - 5 potions of agility
Comestibles
 f - 5 bread rations
 m - 2 chunks of flesh
 o - 42 fruits
 p - 4 meat rations


   Skills:
 * Level 12.9 Fighting
 + Level 7.2 Axes
 + Level 9.1 Armour
 + Level 1.6 Stealth
   Level 3.2 Shields


You had 5 spell levels left.
You didn't know any spells.

Dungeon Overview and Level Annotations

Branches:
Dungeon (1/1)

Altars:
Ashenzari
Cheibriados
Dithmenos
Elyvilon
Fedhas
Gozag
Hepliaklqana
Kikubaaqudgha
Makhleb
Nemelex Xobeh
Okawaru
Qazlal
Ru
Sif Muna
Trog
Uskayaw
Vehumet
Xom
Yredelemnul
Zin
The Shining One
Beogh
Jiyva
Lugonu


Message History

The ufetubus closely misses you.
The ufetubus hits you but does no damage.
The ufetubus hits you.
* * * LOW HITPOINT WARNING * * *
The ufetubus barely misses you.
The ufetubus hits you but does no damage.
The ufetubus hits you.
* * * LOW HITPOINT WARNING * * *
The ufetubus barely misses you. The ufetubus hits you.
* * * LOW HITPOINT WARNING * * *
You slice the ynoxinul!!
You kill the ynoxinul!
The ufetubus disappears in a puff of smoke! x6
Your Fighting skill increases to level 12!
Your Axes skill gained 2 levels and is now at level 7!
Your Armour skill increases to level 9!
You slash the efreet! The efreet gestures at you. The bolt of fire hits you!
You die...

▓▓▓▓▓▓▓▓▓▓▓▓▓▓▓▓▓▓▓
▓.8©8.▓.8©8.▓.8©8.▓
▓."|}.▓.):).▓.....▓
▓..[.§▓.....▓.[.|.▓
▓.§.R.▓.....▓.....▓
▓.§@§.▓.....▓.....▓
▓§.§..▓.....▓.....▓
▓.....▓.....▓▓▓▓▓▓▓
▓▓▓▓▓▓▓▓▓▓▓▓▓


You could see an efreet.

Vanquished Creatures
  A ynoxinul (D)
  A porcupine (D)
  A giant frog (D)
  A crimson imp (D)
  2 iron imps (D)
  A river rat (D)
  An ufetubus (D)
8 creatures vanquished.

Notes
Turn   | Place    | Note
-------+----------+-------------------------------------------
     0 | D        | Adamkad1 the Hill Orc Fighter began the quest for the Orb.
     0 | D        | Reached XP level 1. HP: 19/19 MP: 1/1
     0 | D        | Found a blossoming altar of Fedhas.
    23 | D        | Found a viscous altar of Jiyva.
    23 | D        | Found a hazy altar of Hepliaklqana.
    23 | D        | Found an opulent altar of Gozag.
    23 | D        | Found an ancient bone altar of Kikubaaqudgha.
    23 | D        | Found a corrupted altar of Lugonu.
    30 | D        | Found a burning altar of Makhleb.
    33 | D        | Found an iron altar of Okawaru.
    33 | D        | Found a sparkling altar of Nemelex Xobeh.
    33 | D        | Found a stormy altar of Qazlal.
    33 | D        | Found a sacrificial altar of Ru.
    33 | D        | Found a deep blue altar of Sif Muna.
    45 | D        | Found a bloodstained altar of Trog.
    68 | D        | Became a worshipper of Uskayaw the Reveler
   107 | D        | Entered arena 1.
   107 | D        | Noticed an iron imp
   110 | D        | Reached * piety under Uskayaw
   111 | D        | Killed an iron imp
   111 | D        | Reached skill level 6 in Fighting
   111 | D        | Reached XP level 2. HP: 12/31 MP: 2/2
   111 | D        | Reached XP level 3. HP: 15/38 MP: 3/3
   111 | D        | Reached ** piety under Uskayaw
   113 | D        | Reached skill level 7 in Fighting
   296 | D        | Entered arena 2.
   296 | D        | Noticed a giant frog
   296 | D        | Noticed a porcupine
   298 | D        | Killed a porcupine
   298 | D        | Reached skill level 9 in Fighting
   298 | D        | Reached XP level 4. HP: 51/51 MP: 4/4
   298 | D        | Reached XP level 5. HP: 58/58 MP: 5/5
   303 | D        | Reached *** piety under Uskayaw
   304 | D        | Reached skill level 10 in Fighting
   304 | D        | Reached skill level 5 in Axes
   304 | D        | Reached skill level 11 in Fighting
   314 | D        | Entered arena 3.
   314 | D        | Noticed a ynoxinul
   314 | D        | Noticed an efreet
   317 | D        | Reached XP level 6. HP: 67/68 MP: 6/6
   318 | D        | Reached skill level 1 in Stealth
   322 | D        | Killed a ynoxinul
   322 | D        | Reached skill level 12 in Fighting
   322 | D        | Killed from afar by an efreet

Vault maps used:
D:        sprint_v

Skill      XL: |  1  2  3  4  5  6 |
---------------+-------------------+-----
Fighting       | 6 9 11 12 | 12.9
Axes           | 3 4 5 7 |  7.2
Armour         | 4 6 7 9 |  9.1
Stealth        | 1 |  1.6
Shields        | |  3.2

Action                   |  1- 3 |  4- 6 || total
-------------------------+-------+-------++-------
Melee: Executioner's axe |     6 |    12 ||    18
 Stab: Paralysed         |       |     2 ||     2
Armor: Plate armour      |    20 |    56 ||    76
Dodge: Dodged            |     6 |    23 ||    29
